 Dungeon Crawl Stone Soup version 0.20.1-1-g8b1a95d66d (webtiles) character file.

353 Jynx the Changer (level 6, -1/48 HPs)
             Began as a Draconian Transmuter on Dec 29, 2017.
             Slain by Menkaure (12 damage)
             ... on level 4 of the Dungeon.
             The game lasted 00:08:45 (4597 turns).

Jynx the Changer (Draconian Transmuter)             Turns: 4597, Time: 00:08:47

Health: -1/48      AC:  8    Str: 12    XL:     6   Next: 35%
Magic:  5/10       EV: 12    Int: 14    God:
Gold:   94         SH:  0    Dex: 13    Spells: 0/11 levels left

rFire    . . .     SeeInvis .     - Unarmed
rCold    + + .     Gourm    .   (no shield)
rNeg     . . .     Faith    .   (armour unavailable)
rPois    .         Spirit   .   (helmet restricted)
rElec    .         Reflect  .   m - scarf {rC+ rF+}
rCorr    .         Harm     .   u - +0 pair of gloves
MR       .....                  x - +0 pair of boots
Stlth    +.........             f - amulet of rage
Regen    0.2/turn               o - ring of ice
MPRegen  0.2/turn               (no ring)

@: about to teleport
A: unfitting armour, cold-blooded, AC +6
a: Evoke Berserk Rage


You were on level 4 of the Dungeon.
You were not hungry.

You visited 1 branch of the dungeon, and saw 4 of its levels.

You collected 220 gold pieces.
You spent 126 gold pieces at shops.

Inventory:

Missiles
 a - 18 arrows
Armour
 m - a scarf of resistance (worn)
 u - a +0 pair of gloves (worn)
 x - a +0 pair of boots (worn)
Jewellery
 f - an amulet of rage (around neck)
 o - a ring of ice (left hand)
Wands
 w - a wand of confusion (18/48)
Scrolls
 h - a scroll of teleportation
 i - 2 scrolls of enchant weapon
 j - 2 scrolls of magic mapping
 p - 2 scrolls of fog {unknown}
 v - 4 scrolls of remove curse {unknown}
Potions
 d - 2 potions of degeneration
 e - 2 potions of curing
 k - a potion of lignification {unknown}
 l - a potion of berserk rage {unknown}
 n - a potion of cancellation {unknown}
 q - a potion of might {unknown}
 r - 2 potions of heal wounds {unknown}
Books
 b - a book of Changes

   Spells                             Type                      Level
   a - Beastly Appendage              Transmutation                1
   b - Sticks to Snakes               Transmutation                2
   c - Spider Form                    Transmutation/Poison         3
   d - Ice Form                       Ice/Transmutation            4
   e - Blade Hands                    Transmutation                5
Comestibles
 c - 3 bread rations
 g - 4 royal jellies
 s - a chunk of flesh
 t - a meat ration


   Skills:
 - Level 2.0 Fighting
 - Level 1.7 Dodging
 + Level 4.1 Unarmed Combat
 - Level 3.0 Spellcasting
 * Level 5.0 Transmutations
 + Level 1.5 Poison Magic


You couldn't memorise any spells.
You knew the following spells:

 Your Spells              Type           Power        Failure   Level  Hunger
a - Beastly Appendage     Tmut           ###...       2%          1    #......
b - Sticks to Snakes      Tmut           ###.....     4%          2    ##.....
c - Spider Form           Tmut/Pois      ##........   17%         3    ###....
d - Blade Hands           Tmut           ###.......   58%         5    ######.


Dungeon Overview and Level Annotations

Branches:
Dungeon (4/15)
 Temple: D:4-7

Altars:
Dithmenos
Gozag
Makhleb
Nemelex Xobeh
Sif Muna
Trog
The Shining One

Shops:
D:4 [

Annotations:
D:4 Menkaure


Innate Abilities, Weirdness & Mutations

Your plain brown scales are hard. (AC +6)
You cannot fit into any form of body armour.
You are cold-blooded and may be slowed by cold attacks.


Message History

The adder is lightly wounded.
The adder bites you but does no damage.
Your ball python bites the adder but does no damage.
Your ball python grabs the adder.
Your ball python constricts the adder.
Menkaure hits you!
Your ball python bites the phantom.
You hit the adder. You tail-slap the adder.
You kill the adder!
Your ball python closely misses the phantom.
Menkaure calls on the powers of darkness!
Your ball python convulses!
Your body is wracked with pain!
Your ball python convulses!
The phantom hits you but does no damage.
As you read the scroll of teleportation, it crumbles to dust.
You feel strangely unstable.
Your ball python completely misses the phantom.
The phantom hits you!
* * * LOW HITPOINT WARNING * * *
Menkaure hits you!
You die...

......# ####.......#≈≈≈.≈≈≈
......# #######..##..#.##≈≈.≈≈#
...)#######...∩...####.#.####'###
###...[.....####### #....###.#
########...## #.#......##
##...)#..########.####.#..#
######..#####...##.....####....#
.##....## ###.##.......#...#.##
....#### #S@W....##...#.....
##.............M..S...###..##....
..............####....# #..##^...
.##.#......... #....# #........ .
..####>.... ###### #...#.... ###
.... #...#.... ... ##..#....
##..#### .


You could see a phantom, Menkaure and 2 friendly ball pythons.

Vanquished Creatures
  A bullfrog (D:4)
  A scorpion (D:4)
  A hound (D:4)
  2 orc wizards (D:3)
  9 adders
  An ooze (D:2)
  A worm (D:2)
  2 dart slugs
  3 leopard geckos
  4 orcs (D:4)
  7 bats
  6 giant cockroaches
  12 hobgoblins
  14 jackals
  4 kobolds
  2 quokkas
  2 ball pythons
  2 frilled lizards
  8 goblins
  3 rats
85 creatures vanquished.

Vanquished Creatures (collateral kills)
  A worm (D:2)
  A bat (D:3)
2 creatures vanquished.

Grand Total: 87 creatures vanquished

Notes
Turn   | Place    | Note
-------+----------+-------------------------------------------
     0 | D:1      | Jynx the Draconian Transmuter began the quest for the Orb.
     0 | D:1      | Reached XP level 1. HP: 16/16 MP: 3/3
   448 | D:1      | Reached XP level 2. HP: 19/23 MP: 3/5
  1105 | D:1      | Reached XP level 3. HP: 11/29 MP: 4/6
  1581 | D:2      | Reached skill level 3 in Transmutations
  1647 | D:2      | Learned a level 2 spell: Sticks to Snakes
  1651 | D:2      | Learned a level 3 spell: Spider Form
  2171 | D:2      | Reached XP level 4. HP: 35/36 MP: 5/7
  2867 | D:3      | Found a glowing golden altar of the Shining One.
  2868 | D:3      | Found an opulent altar of Gozag.
  3195 | D:3      | Reached skill level 4 in Transmutations
  3420 | D:3      | Found a bloodstained altar of Trog.
  3421 | D:3      | Found a sparkling altar of Nemelex Xobeh.
  3442 | D:3      | Reached XP level 5. HP: 38/41 MP: 5/8
  3501 | D:3      | Found a burning altar of Makhleb.
  3502 | D:3      | Found a shadowy altar of Dithmenos.
  3868 | D:4      | Found a deep blue altar of Sif Muna.
  3883 | D:4      | Found Pemeoh's Antique Armour Emporium.
  3890 | D:4      | Bought a pair of boots for 126 gold pieces
  3930 | D:4      | Noticed Menkaure
  4213 | D:3      | Reached skill level 1 in Poison Magic
  4322 | D:3      | Reached XP level 6. HP: 33/48 MP: 8/10
  4555 | D:4      | Reached skill level 5 in Transmutations
  4582 | D:4      | Learned a level 5 spell: Blade Hands
  4597 | D:4      | Slain by Menkaure

Skill      XL: |  1  2  3  4  5  6 |
---------------+-------------------+-----
Transmutations | 3 4 5 |  5.0
Fighting       | 2 |  2.0
Unarmed Combat | 4 |  4.1
Poison Magic   | 1 |  1.5
Spellcasting   | 3 |  3.0
Dodging        | |  1.7

Action                   |  1- 3 |  4- 6 || total
-------------------------+-------+-------++-------
Melee: Unarmed           |   170 |   194 ||   364
       Tailslap          |    10 |    16 ||    26
       Headbutt          |     5 |    13 ||    18
       Kick              |     7 |    13 ||    20
 Cast: Beastly Appendage |    23 |    22 ||    45
       Sticks to Snakes  |     4 |    19 ||    23
  Use: Scroll            |     5 |     5 ||    10
 Stab: Sleeping          |     1 |     2 ||     3
       Distracted        |     1 |       ||     1
  Eat: Chunk             |     5 |     9 ||    14
Armor: Skin              |    54 |    67 ||   121
Dodge: Dodged            |   125 |   117 ||   242
